 Dungeon Crawl Stone Soup version 0.17.1-1-g73c8601 (console) character file.

651155 Kloppie the Axe Maniac (level 26, 231/288 (290) HPs)
             Began as a Deep Dwarf Fighter on Dec 24, 2015.
             Was the Champion of Makhleb.
             Starved to death
             ... on level 1 of the Realm of Zot.
             The game lasted 02:59:21 (56286 turns).

Kloppie the Axe Maniac (Deep Dwarf Fighter)        Turns: 56286, Time: 02:59:21

HP:   231/288 (290) AC: 41    Str: 38    XL:     26   Next: 76%
MP:   0/6           EV: 15    Int: 18    God:    Makhleb [******]
Gold: 4114          SH:  0    Dex: 13    Spells: 0 memorised, 25 levels left

rFire  + . .     SeeInvis .     a - +5 exec axe {flame, Int+2}
rCold  + . .     Clarity  .     w - +7 gold dragon armour
rNeg   + + .     SustAt   .     (shield currently unavailable)
rPois  +         Gourm    .     c - +2 hat of the Bear Spirit {Spirit, +Rage rN+ MR++}
rElec  +         Spirit   +     W - +1 cloak "Zyf Cuth" {rPois Regen+ Str+3 Slay+5}
rCorr  .         Warding  .     P - +1 pair of gloves {Str+3}
rMut   +         Stasis   .     U - +0 pair of boots {run}
MR     +++++                    l - amulet "Oheilo" {rMut rElec Str+4 Int+4}
Stlth  ..........               (no ring)
                                B - +3 ring of slaying

@: exhausted, corroded equipment, fainting, non-regenerating, slowed, very slow,
almost entirely resistant to hostile enchantments, extremely unstealthy
A: damage resistance, recharge devices, iridescent scales 1, blurry vision 3,
clever 1, negative energy resistance 1, sense surroundings 3, slow regeneration
3, weak 1, evolution 1
a: Device Recharging, Minor Destruction, Lesser Servant of Makhleb, Major
Destruction, Greater Servant of Makhleb, Renounce Religion, Evoke Berserk Rage
}: 5/15 runes: decaying, serpentine, slimy, silver, abyssal


You were on level 1 of the Realm of Zot.
You worshipped Makhleb.
Makhleb was exalted by your worship.
You were fainting.

You visited 11 branches of the dungeon, and saw 57 of its levels.
You visited the Abyss 1 time.
You also visited: Bailey and Ice Cave.

You collected 7954 gold pieces.
You spent 3840 gold pieces at shops.

Inventory:

Hand Weapons
 a - the +5 executioner's axe of Haekopov (weapon) {flame, Int+2}
   (You acquired it on level 3 of the Snake Pit)

   It has been specially enchanted to burn those struck by it, causing extra
   injury to most foes and up to half again as much damage against particularly
   susceptible opponents.
   Big, fiery blades are also staple armaments of hydra-hunters.
   It affects your intelligence (+2).
 b - a +1 vampiric battleaxe
Armour
 c - the +2 hat of the Bear Spirit (worn) {Spirit, +Rage rN+ MR++}
   (You found it on level 6 of the Pits of Slime)

   It protects you from negative energy.
   It affects your resistance to hostile enchantments.
   It lets you go berserk.
 w - a +7 gold dragon armour (worn)
 P - a +1 pair of gloves of strength (worn)
 Q - a +2 helmet
 U - a +0 pair of boots of running (worn)
 W - the +1 cloak "Zyf Cuth" (worn) {rPois Regen+ Str+3 Slay+5}
   (You bought it in a shop on level 5 of the Vaults)

   It affects your strength (+3).
   It affects your accuracy and damage with ranged weapons and melee attacks
   (+5).
   It protects you from poison.
   It increases your rate of regeneration.
Jewellery
 i - an uncursed ring of protection from magic
 l - the amulet "Oheilo" (around neck) {rMut rElec Str+4 Int+4}
   (You found it on level 6 of the Dungeon)

   [amulet of resist mutation]

   It protects you from mutation.
   It affects your strength (+4).
   It affects your intelligence (+4).
   It insulates you from electricity.
 m - an uncursed ring of protection from magic
 o - an uncursed ring of teleportation
 t - an uncursed ring of flight
 z - an uncursed amulet of clarity
 B - a +3 ring of slaying (left hand)
 N - an uncursed amulet of resist corrosion
Wands
 e - a wand of heal wounds (3)
 h - a wand of invisibility (5)
 u - a wand of paralysis (13)
 C - a wand of digging (17)
 F - a wand of polymorph (4)
 I - a wand of hasting (4)
 J - a wand of disintegration (3)
Scrolls
 g - 21 scrolls of identify
 j - 3 scrolls of fear
 q - a scroll of enchant weapon
 v - 26 scrolls of remove curse
 x - a scroll of enchant armour
 y - a scroll of summoning
 A - 16 scrolls of teleportation
 E - 3 scrolls of fog
 G - 6 scrolls of magic mapping
 Z - 10 scrolls of blinking
Potions
 d - 4 potions of might
 k - 22 potions of curing
 n - 2 potions of ambrosia
 p - 9 potions of heal wounds
 r - 7 potions of haste
 s - a potion of invisibility
 D - 3 potions of lignification
 K - 4 potions of resistance
 L - 2 potions of agility
 O - 4 potions of cure mutation
 R - 3 potions of cancellation
Comestibles
 f - 27 bread rations


   Skills:
 O Level 27 Fighting
 O Level 27 Axes
 + Level 22.0 Armour
 - Level 15.0 Dodging
   Level 3.2 Shields


You had 25 spell levels left.
You didn't know any spells.

Dungeon Overview and Level Annotations

Branches:
Dungeon (15/15)            Temple (1/1) D:7            Lair (8/8) D:10
  Swamp (4/4) Lair:5        Snake (4/4) Lair:6        Slime (6/6) Lair:8
    Orc (4/4) D:9             Elf (3/3) Orc:3        Vaults (5/5) D:14
  Crypt (0/3) Vaults:2     Depths (5/5) D:15            Zot (2/5) Depths:5

Altars:
Ashenzari
Cheibriados
Dithmenos
Elyvilon
Fedhas
Gozag
Kikubaaqudgha
Makhleb
Nemelex Xobeh
Okawaru
Qazlal
Ru
Sif Muna
Trog
Vehumet
Xom
Yredelemnul
Zin
The Shining One
Beogh
Lugonu

Shops:
D:6 *   D:15 :   Orc:4 %}**   Elf:1 ?   Elf:2 [   Vaults:2 [   Vaults:3 =}[**
Vaults:5 [*   Depths:2 :   Depths:5 (

Portals:
Hell: Depths:1 Depths:2 Depths:3 Depths:4 Depths:5
Abyss: Depths:1 Depths:2 Depths:5
Pandemonium: Depths:3
Ziggurat: Depths:1
Trove: Depths:5 (give +4 ice dragon armour)

Annotations:
Lair:1 exclusion: oklob plant


Innate Abilities, Weirdness & Mutations

You are resistant to damage.
You can recharge devices by infusing magical energy.
You resist negative energy.
You passively map a large area around you.
You do not regenerate naturally.
You are partially covered in iridescent scales (AC +4).
Scrolls take you much longer to read.
Your mind is acute. (Int +2)
You are weak. (Str -2)
You evolve.


Message History

You hit the death cob but do no damage.
The death cob is severely damaged.
The death cob hits you.
You feel slightly more hungry. The death cob hits you!
You feel slightly more hungry. The ice dragon breathes frost at you.
The blast of cold hits you! You resist.
You hit the death cob. You burn the death cob.
The death cob is severely damaged.
The death cob hits you.
You feel slightly more hungry. The death cob hits you.
You feel slightly more hungry. The death cob hits you.
You feel slightly more hungry.
You hit the death cob but do no damage.
The death cob is severely damaged.
The death cob hits you. x2
The ice dragon breathes frost at you. The blast of cold hits you! You resist.
You slash the death cob! You burn the death cob.
The death cob is severely damaged.
You have starved to death.
You die...

#.#...................'......
####'#......###.###......##.####
##.........###.....#########.# #.
.'.......###.........### #.# #.
##......##....#####....## #.# #.
#.....##))#D##...##.#..## #.# #.
#.(.).#..##.........##..# #.# #.
#.....#..#.).8...8...#..###.###.
#.....)..#.....@z....#..'...).[.
#.....#..#...8...8...#..###.###.
##'####..##.........##..#...# #.
#.# ##(.#.##...##.#..####.###.
#.# ##....#####....##........ #.#
###.........#######.##..
#.##########.....#########.###.
###.##.......###'###..........##.
.......########...##########..##.


You could see a death cob and an ice dragon.

Vanquished Creatures
  the royal jelly (Slime:6)
  Dissolution (Slime:2)
  2 ancient liches
  Mara (Depths:3)
  Frederick (Depths:5)
  Margery (Vaults:2)
  6 golden dragons
  the Enchantress (Depths:5)
  A profane servitor (Abyss:4)
  6 liches
  5 bone dragons
  Jorgrun (Swamp:2)
  8 tentacled monstrosities
  2 titans (Vaults:5)
  2 deep elf master archers (Elf:3)
  3 deep elf blademasters (Elf:3)
  5 death cobs (Zot:1)
  2 Executioners
  20 acid blobs
  5 sphinxes
  10 tentacled starspawn
  9 shadow dragons (Vaults:5)
  7 greater nagas
  3 thorn hunters
  4 storm dragons
  7 tengu reavers
  A draconian monk (Abyss:4)
  A daeva (Abyss:3)
  Wiglaf (Depths:3)
  13 azure jellies
  3 iron dragons
  16 vault wardens
  10 fire giants
  11 deep elf sorcerers
  A draconian knight (Abyss:4)
  2 cacodemons (Abyss:4)
  A balrug (Depths:3)
  8 frost giants
  Aizul (Elf:1)
  A draconian scorcher (Depths:5)
  3 orc warlords
  2 draconian shifters (Zot:1)
  A draconian annihilator (Depths:5)
  The ghost of Musteatbrain the End of an Era, a journeyman DsFi of Qazlal (Orc:4)
  16 ironheart preservers
  10 very ugly things
  19 stone giants
  An ophan (Abyss:4)
  7 spriggan defenders
  3 war gargoyles (Vaults:5)
  Nessos (Lair:6)
  5 green draconians
  2 salamander stormcallers
  A lorocyproca (Abyss:4)
  3 white draconians
  2 yellow draconians (Zot:1)
  12 deep elf demonologists
  4 red draconians
  3 black draconians (Zot:1)
  4 deep elf annihilators (Elf:3)
  4 mottled draconians
  2 vampire knights
  A purple draconian (Zot:1)
  The ghost of cba the Spry, a journeyman FeMo of Dithmenos (D:15)
  An eidolon (Abyss:3)
  12 ettins
  3 blizzard demons
  5 deep elf death magi
  3 death oozes
  15 fire dragons
  8 great orbs of eyes
  A quicksilver dragon zombie (Abyss:1)
  34 vault guards
  9 deep elf high priests
  6 entropy weavers
  23 yaktaur captains
  8 rakshasas
  A green death (Abyss:1)
  30 hydras
  4 spriggan air magi
  17 ice dragons
  Harold (Lair:4)
  17 naga warriors
  A catoblepas (Lair:7)
  A death knight (Abyss:4)
  11 deep troll shamans
  13 anacondas
  A ghost crab (Swamp:3)
  10 alligators
  14 centaur warriors
  16 dancing weapons (Elf:2)
  A tengu warrior (Depths:1)
  7 deep troll earth magi
  12 naga sharpshooters
  3 vampire magi
  13 ogre magi
  6 death yaks
  A titan zombie (Abyss:4)
  12 shock serpents
  25 thrashing horrors
  6 spriggan berserkers
  20 deep elf knights
  A satyr (shapeshifter) (Depths:5)
  4 orc high priests (Orc:4)
  3 sun demons
  Sonja (Lair:3)
  Nergalle (Depths:4)
  A titan skeleton (Abyss:3)
  5 hell knights (Vaults:2)
  20 wretched stars
  4 salamander mystics
  An ice devil (Abyss:1)
  2 shadow wraiths
  8 iron trolls
  11 skeletal warriors
  3 giant orange brains
  9 sea snakes (Snake:4)
  10 unseen horrors
  13 deep trolls
  4 naga ritualists
  4 spriggan druids
  7 swamp dragons (Swamp:4)
  10 spatial maelstroms (Abyss:4)
  A harpy (shapeshifter) (Vaults:2)
  12 deep elf summoners
  6 hill giants
  A shadow dragon zombie (Abyss:1)
  5 wizards
  4 shambling mangroves
  4 phantasmal warriors (Vaults:5)
  An orange crystal statue (Depths:4)
  19 ironbrand convokers
  4 mana vipers
  Pikel (D:8)
  6 necromancers
  4 harpies (Vaults:3)
  A mana viper (shapeshifter) (Vaults:5)
  A shining eye (shapeshifter) (Vaults:4)
  15 orc knights
  6 cyclopes
  4 worldbinders
  5 griffons
  11 deep elf conjurers
  4 shining eyes
  An orb spider (shapeshifter) (Depths:1)
  4 sixfirhies
  9 orc sorcerers
  4 manticores
  A cyclops (shapeshifter) (Vaults:5)
  14 salamanders
  An octopode (shapeshifter) (Vaults:5)
  59 ugly things
  20 naga magi
  The ghost of demifrog the Ruffian, a novice TrBe of Trog (D:10)
  6 moths of wrath
  6 elephants (Lair:2)
  30 black mambas
  Maurice (D:8)
  3 eyes of devastation
  3 black mambas (shapeshifter)
  An elf zombie (Depths:1)
  A frost giant skeleton (Depths:1)
  8 orange demons
  10 guardian serpents
  An ice statue (IceCv)
  19 vault sentinels
  24 spiny frogs
  2 torpor snails (Lair:5)
  6 apocalypse crabs
  9 smoke demons
  4 gargoyles
  A yaktaur (shapeshifter) (Depths:1)
  12 komodo dragons
  4 efreet
  24 small abominations
  6 kobold demonologists
  55 yaktaurs
  5 fire drakes
  20 deep elf priests
  A tengu conjurer (Depths:2)
  A tormentor (Abyss:1)
  7 trolls
  18 freezing wraiths
  6 giant leeches
  17 ancient zymes
  A demonic crawler (Abyss:4)
  A blue devil (Abyss:1)
  A jumping spider (Depths:1)
  A raiju (shapeshifter) (Vaults:3)
  A queen bee (Lair:8)
  8 polar bears (Lair:8)
  Grinder (D:6)
  A blink frog (shapeshifter) (Elf:1)
  26 two-headed ogres
  3 bog bodies
  A hornet zombie (D:15)
  20 raiju
  5 boulder beetles
  92 slime creatures
  2 yaks (shapeshifter)
  A frost giant simulacrum (Abyss:1)
  A trapdoor spider (D:11)
  7 ynoxinuls
  19 humans (D:14)
  15 blink frogs
  A water elemental (Abyss:3)
  15 redbacks
  6 air elementals
  An ice dragon skeleton (Depths:1)
  A redback (shapeshifter) (Depths:2)
  39 deep elf magi
  A stone giant simulacrum (Vaults:1)
  18 spriggans
  27 yaks
  2 hungry ghosts
  17 vampire mosquitoes
  A tarantella (shapeshifter) (Vaults:1)
  5 flying skulls (Abyss:4)
  A tarantella (Depths:4)
  A human (shapeshifter) (Abyss:4)
  2 fire elementals
  4 golden eyes (Slime:1)
  2 steam dragons
  A human simulacrum (Vaults:1)
  2 wyverns (D:12)
  5 hippogriffs
  A fire bat (Abyss:1)
  10 neqoxecs
  2 mottled dragons
  5 chaos spawn
  41 deep elf fighters
  14 wargs
  5 shadows
  16 insubstantial wisps
  50 nagas
  3 wraiths
  75 orc warriors
  16 water moccasins
  3 sky beasts
  21 wolves
  20 swamp worms
  13 spatial vortices (Abyss:4)
  13 ice beasts
  16 porcupines
  5 hell hounds
  25 wasps
  13 swamp drakes
  28 starcursed masses (Abyss:4)
  A wasp (shapeshifter) (Depths:1)
  56 ogres
  8 boggarts (Vaults:2)
  4 phantoms
  12 black bears (Lair:8)
  30 large abominations
  24 centaurs
  7 eyes of draining
  25 crocodiles
  22 giant frogs
  11 big kobolds
  A giant frog (shapeshifter) (Vaults:5)
  3 earth elementals
  A wyvern skeleton (D:6)
  6 scorpions
  19 killer bees
  2 elephant simulacra (IceCv)
  12 wights
  3 electric eels
  A quasit (Abyss:1)
  4 centaur zombies
  A draconian simulacrum (IceCv)
  11 crimson imps
  17 hounds
  A giant frog zombie (D:5)
  18 jellies
  54 orc wizards
  A yaktaur simulacrum (Vaults:1)
  5 centaur skeletons
  4 giant frog skeletons
  7 iron imps
  9 worker ants
  55 orc priests
  14 iguanas
  6 troll simulacra (IceCv)
  6 polar bear simulacra
  26 sheep
  A centaur simulacrum (IceCv)
  3 spriggan simulacra (IceCv)
  4 wolf simulacra
  A hound skeleton (D:6)
  2 hound zombies
  6 naga simulacra (IceCv)
  12 adders
  12 gnolls (Bailey)
  3 ogre simulacra (IceCv)
  72 river rats
  2 shadow imps
  20 white imps
  A giant eyeball (Depths:1)
  An ufetubus (Abyss:4)
  An ooze (D:7)
  4 worms
  An adder skeleton (D:7)
  5 giant geckos
  256 orcs
  3 ball pythons
  8 bats
  A giant cockroach (D:2)
  17 hobgoblins
  10 jackals
  35 kobolds
  5 quokkas
  A giant gecko skeleton (D:8)
  4 giant newts
  25 goblins
  10 rats
  3 river rat simulacra (Lair:6)
  5 crawling corpses
  7 fungi
  3 lurking horrors (Abyss:4)
  13 plants
  16 starspawn tentacles
3139 creatures vanquished.

Vanquished Creatures (collateral kills)
  2 azure jellies (Slime:6)
2 creatures vanquished.

Vanquished Creatures (others)
  A deep elf blademaster (Elf:3)
  A fire giant (D:15)
  A purple draconian (Zot:2)
  A deep elf high priest (Vaults:5)
  A naga warrior (Snake:4)
  A shadow wraith (Vaults:2)
  A spatial maelstrom (Abyss:4)
  An ugly thing (Depths:1)
  2 fire bats (Abyss:3)
  A hungry ghost (D:8)
  A spatial vortex (Abyss:3)
  2 slaves (D:8)
  An ogre (D:8)
  2 big kobolds (D:8)
  A jelly (Slime:6)
  An orc wizard (Orc:1)
  A small abomination (Abyss:1)
  3 orcs
  A briar patch (Swamp:2)
  A crawling corpse (Elf:3)
  15 fungi
  A lurking horror (Abyss:4)
  19 plants
  13 starspawn tentacles
  164 starspawn tentacle segments
237 creatures vanquished.

Grand Total: 3378 creatures vanquished

Notes
Turn   | Place    | Note
--------------------------------------------------------------
     0 | D:1      | Kloppie the Deep Dwarf Fighter began the quest for the Orb.
     0 | D:1      | Reached XP level 1. HP: 20/20 MP: 1/1
    77 | D:1      | Found a sparkling altar of Nemelex Xobeh.
   117 | D:1      | Reached XP level 2. HP: 24/27 MP: 2/2
   613 | D:2      | Reached XP level 3. HP: 20/34 MP: 3/3
  1140 | D:3      | Reached XP level 4. HP: 24/42 MP: 4/4
  1164 | D:3      | Reached skill level 4 in Armour
  1204 | D:3      | Reached XP level 5. HP: 37/50 MP: 5/5
  1704 | D:4      | Reached skill level 5 in Armour
  1704 | D:4      | Reached XP level 6. HP: 51/57 MP: 6/6
  1775 | D:4      | Reached skill level 5 in Axes
  1797 | D:4      | Noticed a phantom
  1839 | D:4      | Killed a phantom
  1839 | D:4      | Reached XP level 7. HP: 44/66 MP: 7/7
  1871 | D:4      | Gained mutation: You are robust (+10% HP). [potion of beneficial mutation]
  1940 | D:4      | Found an iron altar of Okawaru.
  2020 | D:4      | Reached skill level 6 in Armour
  2381 | D:4      | Reached skill level 5 in Fighting
  2656 | D:5      | Entered Level 5 of the Dungeon
  2775 | D:5      | Found an opulent altar of Gozag.
  2775 | D:5      | Found a sparkling altar of Nemelex Xobeh.
  3237 | D:5      | Reached XP level 8. HP: 49/82 MP: 8/8
  3756 | D:6      | Noticed Grinder
  3766 | D:6      | Killed Grinder
  3766 | D:6      | Reached skill level 7 in Armour
  3900 | D:6      | Noticed a troll
  3910 | D:6      | Killed a troll
  3934 | D:6      | Reached skill level 8 in Armour
  3951 | D:6      | Gained mutation: You passively map the area around you. [Deep Dwarf growth]
  3951 | D:6      | Reached XP level 9. HP: 40/93 MP: 9/9
  4002 | D:6      | Found Yroad's Assorted Antiques.
  4010 | D:6      | Bought a scroll labeled BITZOTHROMO for 32 gold pieces
  4100 | D:6      | Got a slimy golden amulet
  4155 | D:6      | Identified the amulet "Oheilo" {rMut rElec Str+4 Int+4} (You found it on level 6 of the Dungeon)
  4289 | D:6      | Found a deep blue altar of Sif Muna.
  4386 | D:6      | Found a radiant altar of Vehumet.
  4438 | D:7      | Found an opulent altar of Gozag.
  4463 | D:7      | Found a staircase to the Ecumenical Temple.
  4518 | D:7      | Got a twisted chain mail
  4519 | D:7      | Identified the +2 chain mail of Geso {rPois rF+ Int+7 Dex+4} (You found it on level 7 of the Dungeon)
  4677 | D:7      | Reached skill level 9 in Armour
  4982 | Temple   | Entered the Ecumenical Temple
  5164 | Temple   | Became a worshipper of Makhleb the Destroyer
  5447 | D:8      | Noticed Maurice
  5576 | D:8      | Killed Maurice
  5669 | D:8      | Reached XP level 10. HP: 62/105 MP: 9/9
  5702 | D:8      | Noticed Pikel
  5723 | D:8      | Killed Pikel
  5849 | D:8      | Found a snail-covered altar of Cheibriados.
  5972 | D:8      | Reached * piety under Makhleb
  6270 | D:8      | Reached skill level 10 in Armour
  6328 | D:8      | Found a glowing silver altar of Zin.
  6338 | D:8      | Reached skill level 10 in Axes
  6630 | D:9      | Reached ** piety under Makhleb
  7250 | D:9      | Found a staircase to the Orcish Mines.
  7478 | D:9      | Reached skill level 11 in Armour
  7639 | D:10     | Entered Level 10 of the Dungeon
  7680 | D:10     | Noticed a hill giant
  7705 | D:10     | Killed a hill giant
  7705 | D:10     | Reached XP level 11. HP: 54/116 MP: 8/8
  7728 | D:10     | Reached *** piety under Makhleb
  7850 | D:10     | Noticed a hill giant
  7863 | D:10     | Killed a hill giant
  8026 | D:10     | Noticed demifrog's ghost (novice TrBe)
  8045 | D:10     | Killed demifrog's ghost
  8408 | D:10     | Noticed a centaur warrior
  8419 | D:10     | Killed a centaur warrior
  8540 | D:10     | Reached skill level 10 in Fighting
  8684 | D:10     | Found a staircase to the Lair.
  8910 | D:11     | Noticed an ice devil
  8910 | D:11     | Reached **** piety under Makhleb
  9611 | D:11     | Noticed a hill giant
  9626 | D:11     | Killed a hill giant
  9626 | D:11     | Reached skill level 12 in Armour
  9843 | D:11     | Killed an unseen horror
 10051 | D:11     | Got a polished plate armour
 10052 | D:11     | Identified the cursed +0 plate armour of Nobility {Dex+3} (You found it on level 11 of the Dungeon)
 10099 | D:11     | Reached ***** piety under Makhleb
 10469 | Lair:1   | Entered Level 1 of the Lair of Beasts
 10654 | Lair:1   | Got a smoking cloak
 10655 | Lair:1   | Identified the +3 cloak of the Forgotten Places {rF- Str+6} (You found it on level 1 of the Lair of Beasts)
 10769 | Lair:1   | Reached XP level 12. HP: 129/129 MP: 8/8
 11066 | Lair:1   | Noticed a seven-headed hydra
 11067 | Lair:1   | Noticed a five-headed hydra
 11082 | Lair:1   | Killed a seven-headed hydra
 11093 | Lair:1   | Killed a five-headed hydra
 11153 | Lair:1   | Reached skill level 13 in Armour
 12118 | Lair:2   | Found an ancient bone altar of Kikubaaqudgha.
 12434 | Lair:2   | Noticed a five-headed hydra
 12446 | Lair:2   | Killed a five-headed hydra
 12903 | Lair:3   | Reached ****** piety under Makhleb
 13009 | Lair:3   | Noticed Sonja
 13028 | Lair:3   | Killed Sonja
 13201 | Lair:3   | Found a radiant altar of Vehumet.
 13217 | Lair:3   | Reached XP level 13. HP: 122/141 MP: 9/9
 13647 | Lair:4   | Noticed Harold
 13674 | Lair:4   | HP: 4/141 [11-headed hydra (4)]
 13895 | Lair:4   | Killed Harold
 13895 | Lair:4   | Reached skill level 14 in Armour
 14862 | Lair:5   | Found a snail-covered altar of Cheibriados.
 15045 | Lair:5   | Found a staircase to the Swamp.
 15245 | Lair:5   | You fall through a shaft for 3 floors!
 15245 | Lair:8   | Entered Level 8 of the Lair of Beasts
 15250 | Lair:8   | Found a staircase to the Slime Pits.
 16323 | Lair:6   | Noticed Nessos
 16335 | Lair:6   | Killed Nessos
 16396 | Lair:6   | Found a staircase to the Snake Pit.
 16582 | Lair:6   | Reached skill level 15 in Armour
 17028 | Lair:7   | Reached skill level 15 in Axes
 17178 | Lair:7   | Gained mutation: You resist negative energy. [Deep Dwarf growth]
 17178 | Lair:7   | Reached XP level 14. HP: 136/155 MP: 8/8
 18042 | Orc:1    | Entered Level 1 of the Orcish Mines
 18218 | Orc:2    | Found a flagged portal.
 18235 | Bailey   | Entered a bailey
 18473 | Bailey   | Noticed an orc warlord
 18504 | Bailey   | Killed an orc warlord
 18771 | Orc:3    | Found a staircase to the Elven Halls.
 19746 | Orc:2    | Noticed an orc warlord
 19756 | Orc:2    | Killed an orc warlord
 20061 | Orc:4    | Entered Level 4 of the Orcish Mines
 20174 | Orc:4    | Noticed Musteatbrain's ghost (journeyman DsFi)
 20301 | Orc:4    | Found a roughly hewn altar of Beogh.
 20424 | Orc:4    | Found Qobb's Assorted Antiques.
 20443 | Orc:4    | Bought a scroll of identify for 62 gold pieces
 20443 | Orc:4    | Bought a scroll of identify for 62 gold pieces
 20449 | Orc:4    | Found Fimoq's Assorted Antiques.
 20694 | Orc:4    | Killed Musteatbrain's ghost
 21040 | Orc:4    | Found a roughly hewn altar of Beogh.
 21043 | Orc:4    | Noticed an orc warlord
 21062 | Orc:4    | Killed an orc warlord
 21062 | Orc:4    | Reached skill level 16 in Axes
 21140 | Orc:4    | Found Kiurphoh's Gadget Boutique.
 21206 | Orc:4    | Found Qawoox's Food Shop.
 21293 | Orc:4    | Gained mutation: You evolve. [potion of beneficial mutation]
 21669 | Orc:4    | Gained mutation: You are partially covered in iridescent scales (AC +4). [evolution]
 22369 | Lair:8   | Reached XP level 15. HP: 155/166 MP: 4/4
 22777 | Lair:8   | Identified a +0 pair of boots of running (You found it on level 8 of the Lair of Beasts)
 23215 | Lair:1   | Noticed a six-headed hydra
 23225 | Lair:1   | Killed a six-headed hydra
 23353 | Swamp:1  | Entered Level 1 of the Swamp
 23550 | Swamp:1  | Reached skill level 17 in Armour
 24421 | Swamp:2  | Noticed a thorn hunter
 24454 | Swamp:2  | Killed a thorn hunter
 24464 | Swamp:2  | HP: 1/167 [spriggan rider/spear[a spriggan druid] (12)]
 24900 | Swamp:2  | Noticed Jorgrun
 24916 | Swamp:2  | Killed Jorgrun
 24964 | Swamp:2  | Got a polished hat
 24965 | Swamp:2  | Identified the +2 hat of Yppoy {rElec rPois rC- Int+5} (You found it on level 2 of the Swamp)
 25228 | Swamp:3  | Reached skill level 15 in Fighting
 25414 | Swamp:3  | Reached XP level 16. HP: 93/179 MP: 4/4
 25731 | Swamp:3  | Reached skill level 1 in Dodging
 25988 | Swamp:3  | Found a sparkling altar of Nemelex Xobeh.
 27317 | D:13     | Found a frozen archway.
 27326 | IceCv    | Entered an ice cave
 27426 | IceCv    | Reached skill level 5 in Dodging
 27463 | IceCv    | Found an ancient bone altar of Kikubaaqudgha.
 27873 | D:13     | Reached skill level 18 in Axes
 28207 | D:14     | Found a corrupted altar of Lugonu.
 28264 | D:14     | Found a white marble altar of Elyvilon.
 28523 | D:14     | Found a gate to the Vaults.
 28553 | D:14     | Lost mutation: You are robust (+10% HP). [evolution]
 29059 | D:15     | Entered Level 15 of the Dungeon
 29325 | D:15     | Noticed cba's ghost (journeyman FeMo)
 29369 | D:15     | Killed cba's ghost
 29373 | D:15     | Found Wiofih's Book Shoppe.
 29789 | D:15     | Found a staircase to the Depths.
 29801 | D:15     | Reached skill level 19 in Axes
 30256 | Snake:1  | Entered Level 1 of the Snake Pit
 30685 | Snake:1  | Reached XP level 17. HP: 170/170 MP: 3/3
 31323 | Snake:2  | Reached skill level 10 in Dodging
 31918 | Snake:3  | Identified a scroll of acquirement
 31919 | Snake:3  | Got a bone executioner's axe
 31920 | Snake:3  | Identified the +5 executioner's axe of Haekopov {flame, Int+2} (You acquired it on level 3 of the Snake Pit)
 32402 | Snake:3  | Reached skill level 20 in Axes
 32691 | Snake:3  | Found an ancient bone altar of Kikubaaqudgha.
 33129 | Swamp:4  | Entered Level 4 of the Swamp
 33377 | Swamp:4  | Gained mutation: You passively map a large area around you. [Deep Dwarf growth]
 33377 | Swamp:4  | Reached XP level 18. HP: 178/178 MP: 4/4
 33422 | Swamp:4  | Got a decaying rune of Zot
 34102 | Snake:4  | Entered Level 4 of the Snake Pit
 34199 | Snake:4  | Reached skill level 21 in Axes
 35026 | Snake:4  | Got a serpentine rune of Zot
 35184 | Lair:5   | Reached skill level 15 in Dodging
 35455 | Vaults:1 | Entered Level 1 of the Vaults
 35794 | Vaults:1 | Reached skill level 22 in Axes
 35857 | Vaults:1 | Reached XP level 19. HP: 163/186 MP: 5/5
 36163 | Vaults:1 | Got an ancient chain mail
 36164 | Vaults:1 | Identified the +3 chain mail of Somewhere Else {Str+3} (You found it on level 1 of the Vaults)
 36695 | Vaults:2 | Found Egim's Antique Armour Boutique.
 36701 | Vaults:2 | Bought a heavily runed ice dragon armour for 2340 gold pieces
 36701 | Vaults:2 | Bought a shimmering chain mail for 342 gold pieces
 36701 | Vaults:2 | Identified the +9 ice dragon armour "Giejeti" {rF- rC++ rN+ Int+7} (You bought it in a shop on level 2 of the Vaults)
 36702 | Vaults:2 | Identified the +4 chain mail "Nupetwips" {rElec rC- rN+++} (You bought it in a shop on level 2 of the Vaults)
 36850 | Vaults:2 | Noticed Margery
 36865 | Vaults:2 | Killed Margery
 37641 | Vaults:2 | Found a staircase to the Crypt.
 37641 | Vaults:2 | Found a basalt altar of Yredelemnul.
 37642 | Vaults:2 | Found an ancient bone altar of Kikubaaqudgha.
 37838 | Vaults:3 | Found Vavvurch's General Store.
 37851 | Vaults:3 | Reached skill level 23 in Axes
 37870 | Vaults:3 | Bought a scroll of identify for 32 gold pieces
 37870 | Vaults:3 | Bought a scroll of identify for 32 gold pieces
 37870 | Vaults:3 | Bought a scroll of identify for 32 gold pieces
 37870 | Vaults:3 | Bought a scroll of identify for 32 gold pieces
 37923 | Vaults:3 | Found Yschub's Gadget Shop.
 38404 | Vaults:3 | Found Kixkoudue's Armour Emporium.
 38473 | Vaults:3 | Reached XP level 20. HP: 162/200 MP: 6/6
 38598 | Vaults:3 | Found Fuewiev's General Store.
 38857 | Vaults:3 | Found Bafronycs's Jewellery Boutique.
 38860 | Vaults:3 | Bought an uncursed ring of protection from magic for 250 gold pieces
 40391 | Vaults:4 | Reached skill level 24 in Axes
 40812 | Elf:1    | Entered Level 1 of the Elven Halls
 41049 | Elf:1    | Identified the Disquisition on Creation
 41126 | Elf:1    | Found Neli's Magic Scroll Shop.
 41219 | Elf:1    | Noticed Aizul
 41230 | Elf:1    | Killed Aizul
 42031 | Elf:2    | Found Esto's Armour Shop.
 42048 | Elf:2    | Found a radiant altar of Vehumet.
 42095 | Elf:2    | Found a runed gate.
 42095 | Elf:2    | Found a runed gate.
 42096 | Elf:2    | Found a runed gate.
 42438 | Elf:2    | Reached XP level 21. HP: 159/213 MP: 7/7
 42690 | Elf:3    | Entered Level 3 of the Elven Halls
 42948 | Elf:3    | Reached skill level 25 in Axes
 43119 | Elf:3    | Got a polished battleaxe {elec}
 43120 | Elf:3    | Identified the +5 battleaxe of the Apocalypse {elec, rElec} (You took it off a deep elf sorcerer on level 3 of the Elven Halls)
 43156 | Elf:3    | Got a pitted fire dragon armour
 43157 | Elf:3    | Identified the +1 fire dragon armour "Yddahet" {rPois rF++ rC- MR+ Regen+} (You found it on level 3 of the Elven Halls)
 43160 | Elf:3    | Identified the Handbook of Displacement and Transformation
 43258 | Elf:3    | Identified the Collected Works on Attacks (You found it on level 3 of the Elven Halls)
 43263 | Elf:3    | Identified the Almanac of Bewitchment (You found it on level 3 of the Elven Halls)
 44234 | Vaults:5 | Entered Level 5 of the Vaults
 44315 | Vaults:5 | Reached XP level 22. HP: 163/226 MP: 7/7
 44333 | Vaults:5 | Noticed an ancient lich
 44340 | Vaults:5 | Killed an ancient lich
 44365 | Vaults:5 | Reached skill level 26 in Axes
 44404 | Vaults:5 | Got a slimy scale mail
 44405 | Vaults:5 | Identified the +2 scale mail "Buel Zim" {Int+6} (You took it off a vault warden on level 5 of the Vaults)
 44950 | Vaults:5 | Found Tetzy's General Store.
 45326 | Vaults:5 | Found Raufre Iwkot's Armour Boutique.
 45332 | Vaults:5 | Got a silver rune of Zot
 45336 | Vaults:5 | Bought the +1 cloak "Zyf Cuth" {rPois Regen+ Str+3 Slay+5} for 624 gold pieces
 45503 | Vaults:5 | Identified Kuatuwo's Almanac of Necromancy and Transmutation
 45614 | Vaults:5 | Identified the Guide on Burning Combat Magic
 46305 | Depths:1 | Entered Level 1 of the Depths
 46342 | Depths:1 | Reached XP level 23. HP: 196/238 MP: 8/8
 46346 | Depths:1 | Found a gateway to a ziggurat.
 46433 | Depths:1 | Reached skill level 27 in Axes
 46571 | Depths:1 | Found a gateway to Hell.
 46701 | Depths:1 | Found a deep blue altar of Sif Muna.
 46737 | Depths:1 | Found a one-way gate to the infinite horrors of the Abyss.
 47095 | Depths:2 | Got a pair of spiked gloves
 47096 | Depths:2 | Identified the cursed +0 pair of gloves of Tartarus {Dex+6} (You found it on level 2 of the Depths)
 47491 | Depths:2 | Found Buschouq's One-of-a-Kind Books.
 47779 | Depths:3 | Noticed Mara
 47781 | Depths:3 | Noticed Kloppie's illusion
 47799 | Depths:3 | Killed Mara
 48277 | Depths:3 | Found a one-way gate leading to the halls of Pandemonium.
 48278 | Depths:3 | Noticed Wiglaf
 48291 | Depths:3 | Killed Wiglaf
 48827 | Depths:4 | Reached XP level 24. HP: 239/256 MP: 1/6
 48845 | Depths:4 | Identified Vodd's Grimoire of Confrontation and the Arsonist
 48853 | Depths:4 | Identified the Incunabulum of Twisted Lightness (You found it on level 4 of the Depths)
 49297 | Depths:4 | Noticed Nergalle
 49334 | Depths:4 | Killed Nergalle
 49528 | Depths:5 | Entered Level 5 of the Depths
 49663 | Depths:5 | Noticed the Enchantress
 49683 | Depths:5 | Killed the Enchantress
 49696 | Depths:5 | Got a faerie dragon armour
 49697 | Depths:5 | Identified the +0 faerie dragon armour {Dex+3} (You took it off the Enchantress on level 5 of the Depths)
 49725 | Depths:5 | Found a gate to the Realm of Zot.
 49833 | Depths:5 | Noticed Frederick
 49852 | Depths:5 | Killed Frederick
 50016 | Depths:5 | Found Lyhef's Weapon Boutique.
 50019 | Depths:5 | Found a portal to a secret trove of treasure.
 50367 | Depths:5 | Got a pitted executioner's axe
 50368 | Depths:5 | Identified the +6 executioner's axe of Power {chop, -Tele MR+ Dex+3} (You acquired it on level 5 of the Depths)
 50432 | Depths:5 | Voluntarily entered the Abyss.
 50955 | Abyss:1  | Found a corrupted altar of Lugonu.
 51435 | Abyss:3  | Gained mutation: You are weak. (Str -2) [a neqoxec]
 51444 | Abyss:3  | Paralysed by you for 7 turns
 51534 | Abyss:3  | Reached XP level 25. HP: 214/273 MP: 6/6
 51834 | Abyss:3  | Gained mutation: Scrolls take you a little longer to read. [mutagenic glow]
 51870 | Abyss:3  | Gained mutation: Scrolls take you longer to read. [mutagenic glow]
 51951 | Abyss:3  | Gained mutation: Scrolls take you much longer to read. [mutagenic glow]
 52337 | Abyss:4  | Identified the Volume of Execration (You found it on level 4 of the Abyss)
 52359 | Abyss:4  | Identified Kokoa's Disquisition on Boosts (You found it on level 4 of the Abyss)
 52373 | Abyss:4  | Identified the Catalogue of Transmutation
 52388 | Abyss:4  | Identified the Handbook of Confrontation
 52395 | Abyss:4  | Identified Opty's Collected Works on Ice (You found it on level 4 of the Abyss)
 52438 | Abyss:4  | Identified the Grimoire of the Seven Tales
 52537 | Abyss:4  | Gained mutation: Your mind is acute. (Int +2) [a neqoxec]
 52696 | Abyss:4  | Found a corrupted altar of Lugonu.
 52847 | Abyss:4  | Noticed an ancient lich
 52865 | Abyss:4  | Killed an ancient lich
 53331 | Abyss:4  | Paralysed by accursed screaming for 1 turns
 53346 | Abyss:4  | Reached skill level 27 in Fighting
 53380 | Abyss:4  | Got an abyssal rune of Zot
 53410 | Abyss:4  | Paralysed by accursed screaming for 1 turns
 53497 | Depths:5 | Escaped the Abyss
 53968 | Slime:1  | Entered Level 1 of the Pits of Slime
 54028 | Slime:2  | Reached XP level 26. HP: 259/290 MP: 2/6
 54083 | Slime:3  | Noticed Dissolution
 54092 | Slime:2  | Killed Dissolution
 54236 | Slime:6  | Entered Level 6 of the Pits of Slime
 54386 | Slime:6  | Noticed the royal jelly
 54403 | Slime:6  | Killed the royal jelly
 54710 | Slime:6  | Identified the Handbook of Flight and Conjuration
 54724 | Slime:6  | Got a slimy rune of Zot
 54851 | Slime:6  | Got a scorched chain mail
 54855 | Slime:6  | Identified the cursed +1 chain mail of the Seven Stars {Str+4} (You found it on level 6 of the Pits of Slime)
 55473 | Zot:1    | Entered Level 1 of the Realm of Zot
 56275 | Zot:2    | Noticed an orb of fire
 56286 | Zot:1    | Starved to death

Action                   |  1- 3 |  4- 6 |  7- 9 | 10-12 | 13-15 | 16-18 | 19-21 | 22-24 | 25-27 || total
-------------------------+-------+-------+-------+-------+-------+-------+-------+-------+-------++-------
Melee: War axe           |   163 |   186 |   329 |   720 |       |       |       |       |       ||  1398
       Battleaxe         |       |       |       |    82 |  1671 |  1001 |       |       |       ||  2754
       Flail             |       |       |       |    26 |    12 |       |       |       |       ||    38
       Dire flail        |       |       |       |       |    63 |    24 |       |       |       ||    87
       Executioner's axe |       |       |       |       |       |   486 |  1169 |  1240 |   850 ||  3745
 Abil: Device Recharging |       |       |     1 |     3 |     8 |     2 |     1 |     2 |       ||    17
       Stop Flying       |       |       |       |       |       |       |       |       |     1 ||     1
Evoke: Wand              |       |     3 |    10 |    16 |    30 |     5 |       |     9 |     5 ||    78
  Use: Scroll            |       |       |    16 |    12 |    16 |    10 |     9 |    14 |     2 ||    79
       Potion            |       |       |     1 |       |     6 |     3 |     2 |     2 |       ||    14
 Stab: Paralysed         |       |       |     5 |     5 |       |       |       |       |     1 ||    11
       Distracted        |       |       |       |       |       |       |       |       |     3 ||     3
  Eat: Chunk             |     1 |     3 |     8 |    27 |    29 |    11 |    11 |     6 |     2 ||    98
       Beef jerky        |       |       |     1 |       |     1 |     3 |     1 |     2 |     1 ||     9
       Fruit             |       |       |     9 |       |       |     3 |       |     4 |     1 ||    17
       Pizza             |       |       |       |       |     2 |       |       |       |     1 ||     3
       Royal jelly       |       |       |       |       |     1 |     1 |       |       |       ||     2
       Bread ration      |       |       |       |       |     1 |     2 |     1 |     3 |     2 ||     9
       Meat ration       |       |       |       |       |       |     1 |     2 |       |     1 ||     4
